 Dungeon Sprint DCSS version 0.29-a0-459-g97dee8cd24 (webtiles) character file.

Game seed: 2083474765231259867

21221 mhtbhm the Fencer (level 12, -35/186 HPs)
             Began as a White Draconian Berserker on May 20, 2022.
             Was a High Priest of Trog.
             Annihilated by a spriggan berserker
             ... wielding a +0 quarterstaff
              (39 damage)
             ... in the Dungeon (Sprint IV: "Fedhas' Mad Dash").
             The game lasted 00:09:21 (7066 turns).

mhtbhm the Fencer (White Draconian Berserker)       Turns: 7066, Time: 00:09:22

Health: -35/186    AC: 14    Str: 23    XL:     12   Next: 52%
Magic:  12/12      EV: 15    Int: 10    God:    Trog [*****.]
Gold:   64         SH:  0    Dex: 10    Spells: 11/11 levels left

rFire   . . .      SeeInvis .   a - +1 great sword (flame)
rCold   + . .      Faith    .   (shield currently unavailable)
rNeg    . . .      Spirit   .   (body armour unavailable)
rPois   .          Reflect  .   (helmet restricted)
rElec   .          Harm     .   (no cloak)
rCorr   .          Rampage  +   l - +3 pair of gauntlets of War {Slay+5}
Will    .....      NoTele   +   q - +1 pair of boots {rampage}
Stlth   ..........              h - amulet of invisibility {+Inv}
HPRegen 0.41/turn               (no ring)
MPRegen 0.13/turn               (no ring)

@: berserking, very quick
A: breathe frost, AC +8, unfitting armour, cold resistance 1, cold-blooded
a: Breathe Frost, Renounce Religion, Evoke Invisibility, Berserk, Trog's Hand,
Brothers in Arms


You were in the Dungeon.
You worshipped Trog.
Trog was extremely pleased with you.
You visited 1 branch You collected 458 gold pieces.
You spent 394 gold pieces at shops.

Inventory:

Hand Weapons
 a - a +1 great sword of flaming (weapon)
 r - the +6 falchion "Wyho" {antimagic, Will+}
   (Trog gifted it to you in the Dungeon)

   It reduces the magical energy of the wielder, and disrupts the spells and
   magical abilities of those it strikes.
   Natural abilities and divine invocations are not affected.
   Will:      It increases your willpower.
Missiles
 k - 2 poisoned darts (quivered)
Armour
 l - the +3 pair of gauntlets of War (worn) {Slay+5}
   (You found it in the Dungeon)

   Slay:      It affects your accuracy & damage with ranged weapons and melee
   (+5).
 q - a +1 pair of boots of rampaging (worn)
Jewellery
 h - the amulet of invisibility (around neck) {+Inv}
   (You found it in the Dungeon)

   [amulet of nothing]

   +Inv:      It lets you turn invisible.
 p - the amulet "Wiaddoit" {Reflect rF+ Dex+2 SH+5}
   (You found it in the Dungeon)

   [amulet of reflection]

   It reflects blocked missile attacks.
   Dex:       It affects your dexterity (+2).
   rF:        It protects you from fire.
   SH:        It affects your SH (+5).
Scrolls
 b - a scroll of fog {unknown}
 g - 2 scrolls of blinking
 i - 2 scrolls of identify {unknown}
 j - a scroll of immolation {unknown}
 n - a scroll of amnesia {unknown}
 o - a scroll of poison {unknown}
Potions
 c - a potion of heal wounds
 d - 3 potions of haste
 e - 2 potions of magic
 f - a potion of berserk rage
Miscellaneous
 m - a phial of floods


   Skills:
 + Level 16.9 Fighting
 + Level 20.1 Long Blades
 + Level 1.3 Throwing
 + Level 10.4 Dodging
 + Level 15.0 Stealth
 + Level 11.2 Evocations


You had 11 spell levels left.
You didn't know any spells.
Your spell library was empty.

Dungeon Overview and Level Annotations

Branches:
Dungeon (1/1)

Altars:
Cheibriados
Dithmenos
Elyvilon
Gozag
Hepliaklqana
Kikubaaqudgha
Makhleb
Nemelex Xobeh
Okawaru
Qazlal
Ru
Sif Muna
Trog
Uskayaw
Vehumet
Wu Jian
Xom
Yredelemnul
Zin
The Shining One
Beogh
Jiyva
Lugonu

Shops:
D ?!(=**!*::?:*=(*([**!

Annotations:
D the Enchantress


Innate Abilities, Weirdness & Mutations

You can breathe waves of freezing cold which knock back foes.
Your icy white scales are hard. (AC +8)
You cannot fit into any form of body armour.
Your flesh is cold resistant. (rC+)
You are cold-blooded and may be slowed by cold attacks.


Message History

The spriggan druid casts a spell.
The forest starts to sway and rumble!
Your troll goes berserk!
A tree reaches out and hits you!
The spriggan berserker hits you with a +0 quarterstaff!!
The Enchantress comes into view.
She is wielding a +8 flail of protection, wearing the +5 faerie dragon scales {rPois rCorr Str-5 Dex+5} and wearing a +2 buckler of fire resistance.
Unknown command.
A red film seems to cover your vision as you go berserk!
You feel yourself moving faster!
You feel mighty! A tree reaches out and hits you!
The spriggan berserker completely misses you.
The spriggan berserker hits you with a +0 quarterstaff!!
The Enchantress casts a spell.
The Enchantress seems to speed up.
You slash the spriggan berserker! You burn the spriggan berserker!
The spriggan berserker is moderately wounded.
A root smacks you from below! A root smacks your troll from below!!
A demonic crawler comes into view.
The spriggan berserker hits you with a +0 quarterstaff!
Unknown command.
You miss the spriggan berserker.
The spriggan berserker is moderately wounded.
The Enchantress casts a spell.
You resist with almost no effort.
Your troll appears confused.
Your troll bites you but does no damage.
Your troll closely misses you.
Your troll claws you!
* * * LOW HITPOINT WARNING * * *
You barely miss the spriggan berserker.
The spriggan berserker is moderately wounded.
Tree limbs sway around you. A root smacks you from below!
* * * LOW HITPOINT WARNING * * *
Your troll is hit by a branch!!
The spriggan berserker hits you with a +0 quarterstaff!!
* * * LOW HITPOINT WARNING * * *
Unknown command.
Unknown command.
The spriggan berserker hits you with a +0 quarterstaff!!!
You die...

###.P....### #....#####P..
###..)## ##....# ####
#....####.....#####∩∩∩
#.............'....∩.∩
#.............#####∩∩∩
###########################
......♣..♣T.♣..♣..♣..♣..♣..
.....iy.ii.................
....i.♣..♣@.♣..♣..♣..♣..♣..
'''## #####################
.


You could see the Enchantress (fast, repels missiles), a spriggan berserker
(berserk, ally target), a moth of wrath, a spriggan druid and a friendly troll
(summoned, berserk, confused).

Vanquished Creatures
  A ghost moth (D)
  3 spriggan defenders (D)
  3 spriggan berserkers (D)
  2 spriggan druids (D)
  23 oklob plants (D)
  3 demonic crawlers (D)
  3 burning bushes (D)
  A queen bee (D)
  8 hornets (D)
  4 scorpions (D)
  3 killer bees (D)
  2 wandering mushrooms (D)
  5 oklob saplings (D)
  10 spriggans (D)
  A river rat (D)
  A rat (D)
73 creatures vanquished.

Vanquished Creatures (collateral kills)
  Agnes (D)
  A spriggan defender (D)
  A killer bee (D)
3 creatures vanquished.

Vanquished Creatures (others)
  A wandering mushroom (D)
  2 ballistomycete spores (D)
  A bush (D)
  A fungus (D)
5 creatures vanquished.

Grand Total: 81 creatures vanquished

Notes
Turn   | Place    | Note
-------+----------+-------------------------------------------
     0 | D        | mhtbhm the Draconian Berserker began the quest for the Orb.
     0 | D        | Reached XP level 1. HP: 19/19 MP: 1/1
    13 | D        | Reached XP level 2. HP: 21/27 MP: 2/2
   149 | D        | Noticed an oklob sapling
   150 | D        | Killed an oklob sapling
   150 | D        | Reached ** piety under Trog
   151 | D        | Reached skill level 5 in Fighting
   151 | D        | Reached skill level 4 in Long Blades
   151 | D        | Reached XP level 3. HP: 36/36 MP: 3/3
   290 | D        | Noticed a scorpion
   290 | D        | Found the amulet of invisibility {+Inv}
   293 | D        | Killed a scorpion
   294 | D        | Reached skill level 6 in Long Blades
   294 | D        | Reached skill level 5 in Dodging
   294 | D        | Reached XP level 4. HP: 44/44 MP: 4/4
   344 | D        | Found an opulent altar of Gozag.
   344 | D        | Found a hazy altar of Hepliaklqana.
   344 | D        | Found a burning altar of Makhleb.
   344 | D        | Found a sparkling altar of Nemelex Xobeh.
   344 | D        | Found a snail-covered altar of Cheibriados.
   344 | D        | Found a sacrificial altar of Ru.
   344 | D        | Found a shimmering blue altar of Sif Muna.
   344 | D        | Found a shimmering altar of Xom.
   344 | D        | Found a basalt altar of Yredelemnul.
   345 | D        | Found a viscous altar of Jiyva.
   345 | D        | Found a bloodstained altar of Trog.
   345 | D        | Found an ornate altar of the Wu Jian Council.
   346 | D        | Found an iron altar of Okawaru.
   346 | D        | Found a shadowy altar of Dithmenos.
   346 | D        | Found a glowing silver altar of Zin.
   347 | D        | Found an ancient bone altar of Kikubaaqudgha.
   347 | D        | Found a hide-covered altar of Uskayaw.
   348 | D        | Found a stormy altar of Qazlal.
   348 | D        | Found a white marble altar of Elyvilon.
   348 | D        | Found a glowing golden altar of the Shining One.
   349 | D        | Found a corrupted altar of Lugonu.
   349 | D        | Found a radiant altar of Vehumet.
   356 | D        | Reached XP level 5. HP: 36/52 MP: 3/5
   526 | D        | Reached skill level 7 in Long Blades
   526 | D        | Reached skill level 1 in Stealth
   526 | D        | Reached skill level 1 in Evocations
   641 | D        | Reached *** piety under Trog
   649 | D        | Reached skill level 8 in Long Blades
   649 | D        | Reached XP level 6. HP: 61/61 MP: 6/6
   789 | D        | Found Wycuqun's Antique Weapon Shop.
   789 | D        | Found Newkad's Jewellery Emporium.
   794 | D        | Noticed a burning bush
   794 | D        | Noticed a wandering mushroom
   795 | D        | Noticed a wandering mushroom
  1485 | D        | Killed a burning bush
  1486 | D        | Reached skill level 10 in Long Blades
  1486 | D        | Your scales start taking on an icy white colour.
  1486 | D        | Reached XP level 7. HP: 60/71 MP: 7/7
  1486 | D        | Gained mutation: Your flesh is cold resistant. (rC+) [White
                  | Draconian growth]
  1492 | D        | Found Baptal's Assorted Antiques.
  1492 | D        | Found Ferghuypt's Antique Armour Shoppe.
  1492 | D        | Found the +4 robe of Folly {Brilliance Will-∞ Int+8}
  1659 | D        | Reached **** piety under Trog
  1696 | D        | Noticed a queen bee
  1718 | D        | Killed a queen bee
  1719 | D        | Reached skill level 10 in Fighting
  1719 | D        | Reached skill level 11 in Long Blades
  1719 | D        | Reached ***** piety under Trog
  1726 | D        | Reached XP level 8. HP: 21/80 MP: 8/8
  2111 | D        | Noticed an oklob plant
  2124 | D        | Killed an oklob plant
  2125 | D        | Reached skill level 5 in Stealth
  2125 | D        | Reached skill level 5 in Evocations
  2366 | D        | Found the +3 pair of gauntlets of War {Slay+5}
  2367 | D        | Noticed a burning bush
  2377 | D        | Killed a burning bush
  2378 | D        | Reached skill level 12 in Long Blades
  2415 | D        | Noticed a burning bush
  2415 | D        | Noticed an oklob plant
  2416 | D        | Noticed a wandering mushroom
  2421 | D        | Killed a burning bush
  2791 | D        | Killed an oklob plant
  2792 | D        | Reached XP level 9. HP: 90/90 MP: 7/9
  2853 | D        | Noticed a spriggan druid
  2860 | D        | Killed a spriggan druid
  2861 | D        | Reached skill level 13 in Long Blades
  3013 | D        | Noticed an oklob plant conjurer
  3019 | D        | Killed an oklob plant conjurer
  3019 | D        | Received a gift from Trog
  3079 | D        | Noticed an oklob plant
  3079 | D        | Noticed an oklob plant summoner
  3080 | D        | Noticed an oklob plant shifter
  3088 | D        | Killed an oklob plant
  3091 | D        | Killed an oklob plant summoner
  3095 | D        | Killed an oklob plant shifter
  3096 | D        | Reached skill level 14 in Long Blades
  3096 | D        | Reached XP level 10. HP: 100/100 MP: 8/10
  3136 | D        | Noticed a spriggan rider
  3140 | D        | Received a gift from Trog
  3146 | D        | Paralysed by a hornet for 1 turns
  3148 | D        | Reached ****** piety under Trog
  3153 | D        | Found Kishrar's Assorted Antiques.
  3240 | D        | Found Rilun's Distillery.
  3384 | D        | Noticed Agnes
  3392 | D        | Killed Agnes
  3393 | D        | Reached skill level 15 in Long Blades
  3393 | D        | Reached skill level 10 in Stealth
  3558 | D        | Found Pebiw's General Store.
  3558 | D        | Noticed a spriggan berserker
  3560 | D        | Found Tufuasuk's Antique Weapon Shoppe.
  3561 | D        | Noticed a spriggan defender
  3571 | D        | Killed a spriggan defender
  3790 | D        | Killed a spriggan berserker
  3791 | D        | Reached skill level 16 in Long Blades
  3793 | D        | Noticed a spriggan rider
  4023 | D        | Reached XP level 11. HP: 111/111 MP: 11/11
  4027 | D        | Noticed an oklob plant shifter
  4027 | D        | Noticed an oklob plant meteorologist
  4035 | D        | Killed an oklob plant meteorologist
  4043 | D        | Killed an oklob plant shifter
  4266 | D        | Noticed a spriggan rider
  4276 | D        | Received a gift from Trog
  4285 | D        | Reached skill level 17 in Long Blades
  4589 | D        | Found Qareut's General Store.
  4589 | D        | Found Wuclanul's General Store.
  4589 | D        | Found Keafrue's Jewellery Shop.
  4589 | D        | Found Edigg's Assorted Antiques.
  4589 | D        | Found Ezxar's Distillery.
  4590 | D        | Found Waotuiv's Book Emporium.
  4590 | D        | Found Xaquaforgh's Magic Scroll Shop.
  4590 | D        | Found Yschel Ranovi's Book Boutique.
  4627 | D        | Noticed an oklob plant summoner
  4628 | D        | Found Vyuwaffic's Book Emporium.
  4629 | D        | Found Ockic's Assorted Antiques.
  4636 | D        | Killed an oklob plant summoner
  4667 | D        | Noticed an oklob plant demonologist
  4667 | D        | Noticed an oklob plant annihilator
  4668 | D        | Noticed a spriggan berserker
  4677 | D        | Killed an oklob plant annihilator
  4678 | D        | Reached skill level 15 in Fighting
  4678 | D        | Reached skill level 1 in Throwing
  4686 | D        | Killed a spriggan berserker
  4690 | D        | Killed an oklob plant demonologist
  4690 | D        | Received a gift from Trog
  4940 | D        | Identified the amulet "Wiaddoit" {Reflect rF+ Dex+2 SH+5}
  4969 | D        | Bought a pair of runed boots for 172 gold pieces
  5000 | D        | Noticed an oklob plant
  5000 | D        | Noticed an oklob plant
  5000 | D        | Noticed an oklob plant
  5000 | D        | Noticed an oklob plant
  5000 | D        | Noticed an oklob plant
  5000 | D        | Noticed an oklob plant
  5001 | D        | Noticed an oklob plant
  5002 | D        | Killed an oklob plant
  5003 | D        | Reached skill level 10 in Evocations
  5003 | D        | Noticed an oklob plant
  5004 | D        | Killed an oklob plant
  5005 | D        | Reached skill level 18 in Long Blades
  5005 | D        | Noticed an oklob plant
  5007 | D        | Killed an oklob plant
  5008 | D        | Noticed an oklob plant
  5010 | D        | Killed an oklob plant
  5104 | D        | Noticed an oklob plant
  5109 | D        | Killed an oklob plant
  5110 | D        | Noticed an oklob plant
  5114 | D        | Killed an oklob plant
  5114 | D        | Received a gift from Trog
  5120 | D        | Killed an oklob plant
  5126 | D        | Killed an oklob plant
  5130 | D        | Killed an oklob plant
  5136 | D        | Killed an oklob plant
  5138 | D        | Killed an oklob plant
  5139 | D        | Reached XP level 12. HP: 83/122 MP: 12/12
  5146 | D        | Reached skill level 19 in Long Blades
  5341 | D        | Bought a scroll of blinking for 82 gold pieces
  5344 | D        | Bought a potion of haste for 140 gold pieces
  5375 | D        | Identified the +6 falchion "Wyho" {antimagic, Will+} (Trog
                  | gifted it to you in the Dungeon)
  5375 | D        | Received a gift from Trog
  5381 | D        | Noticed a spriggan defender
  5381 | D        | Noticed a spriggan defender
  5399 | D        | Killed a spriggan defender
  5744 | D        | Killed a spriggan defender
  5745 | D        | Reached skill level 10 in Dodging
  6189 | D        | Found Ytitoi's Antique Weapon Emporium.
  6189 | D        | Found Ihukaec Hece's Distillery.
  6189 | D        | Found Nekaxidgh's Magic Scroll Shoppe.
  6201 | D        | Received a gift from Trog
  6205 | D        | Killed a ghost moth
  6407 | D        | Noticed a spriggan defender
  6440 | D        | Killed a spriggan defender
  6695 | D        | Reached skill level 20 in Long Blades
  6695 | D        | Reached skill level 15 in Stealth
  7061 | D        | Noticed the Enchantress
  7065 | D        | HP: 4/186 [spriggan berserker/+0 quarterstaff (30)]
  7066 | D        | Annihilated by a spriggan berserker

Illustrated notes

Levels and vault maps discovered:
D:        dungeon_sprint_fedhas [sprint_temple]

Skill      XL: |  1  2  3  4  5  6  7  8  9 10 11 12 |
---------------+-------------------------------------+-----
Fighting       | 4 5 6 7 8 9 10 12 14 16 | 16.9
Dodging        | 3 4 5 6 7 8 9 10 | 10.4
Long Blades    | 4 6 8 10 11 12 14 16 18 20 | 20.1
Stealth        | 1 2 4 7 9 11 13 15 | 15.0
Evocations     | 2 3 4 6 8 9 10 11 | 11.2
Throwing       | 1 |  1.3

Action                   |  1- 3 |  4- 6 |  7- 9 | 10-12 || total
-------------------------+-------+-------+-------+-------++-------
Melee: Falchion          |    11 |    76 |    73 |       ||   160
       Tailslap          |       |    20 |    15 |    32 ||    67
       Punch             |       |     2 |     2 |       ||     4
       Great sword       |       |       |     8 |   191 ||   199
Throw: Dart              |       |       |       |     2 ||     2
Invok: Berserk           |     3 |     5 |     8 |    12 ||    28
       Brothers in Arms  |       |       |     1 |     4 ||     5
 Abil: Evoke Invisibilit |       |     2 |     6 |     5 ||    13
       Breathe Frost     |       |       |     4 |     2 ||     6
  Use: Potion            |       |       |     1 |       ||     1
 Stab: Sleeping          |       |     1 |     3 |     9 ||    13
       Invisible         |       |       |     9 |     7 ||    16
       Distracted        |       |       |       |     2 ||     2
Armor: Skin              |     3 |     7 |     7 |    30 ||    47
Dodge: Dodged            |     4 |    35 |    22 |    68 ||   129

Table legend: (Time is in decaauts)
 A = Elapsed time spent in this place.
 B = Non-inter-level travel time spent in this place.
 C = Inter-level travel time spent in this place.
 D = Time resting spent in this place.
 E = Time spent auto-exploring this place.
 F = Levels seen in this place.
 G = Mean time per level.
                   A        B        C        D        E       F      G
               +--------+--------+--------+--------+--------+-----+--------+
         Total |   7235 |   7235 |      0 |   5752 |    121 |   1 | 7235.0 |
       Dungeon |   7235 |   7235 |      0 |   5752 |    121 |   1 | 7235.0 |
               +--------+--------+--------+--------+--------+-----+--------+

Top non-repeatable levels by time:
       D: 7235 daAuts
